 Dungeon Crawl Stone Soup version 0.25-a0-1136-gc1285e62ab (webtiles) character file.

Game seed: 16569105828311962882, levelgen mode: deterministic

1050 Delarado the Grappler (level 8, -8/52 HPs)
             Began as an Octopode Fighter on May 23, 2020.
             Mangled by an ogre
             ... wielding a +0 giant club
              (17 damage)
             ... on level 5 of the Dungeon.
             The game lasted 00:14:13 (6166 turns).

Delarado the Grappler (Octopode Fighter)            Turns: 6166, Time: 00:14:13

Health: -8/52      AC:  5    Str: 27    XL:     8   Next: 26%
Magic:  8/8        EV: 12    Int: 10    God:
Gold:   276        SH: 10    Dex: 14    Spells: 7/7 levels left

rFire    . . .     SeeInvis .     - Unarmed
rCold    . . .     Gourm    .   a - +0 kite shield
rNeg     . . .     Faith    .   (helmet restricted)
rPois    .         Spirit   .   (no amulet)
rElec    .         Reflect  .   d - +6 ring of strength
rCorr    .         Harm     .   B - +4 ring of protection
MR       .....                  E - +6 ring of strength
Stlth    ++........             (no ring)
HPRegen  0.17/turn              (no ring)
MPRegen  0.11/turn              (no ring)
                                (no ring)
                                (no ring)

@: no status effects
A: almost no armour, stealthy swim, amphibious, 8 rings, constrict 8, camouflage
1, gelatinous body 1
a: no special abilities


You were on level 5 of the Dungeon.
You were not hungry.

You visited 2 branches of the dungeon, and saw 6 of its levels.

You collected 276 gold pieces.

Inventory:

Missiles
 f - 218 stones
 i - 2 throwing nets
 j - 2 javelins
 m - 3 atropa-tipped darts
 n - 4 poisoned darts (quivered)
 q - 3 boomerangs
Armour
 a - a +0 kite shield (worn)
Jewellery
 d - a +6 ring of strength (left tentacle)
 B - a +4 ring of protection (right tentacle)
 E - a +6 ring of strength (on tentacle)
Wands
 r - a wand of enslavement (10)
 t - a wand of paralysis (12)
 x - a wand of flame (17)
 C - a wand of random effects (21)
 D - a wand of digging (4)
Scrolls
 e - 3 scrolls of teleportation {unknown}
 h - a scroll of remove curse
 l - a scroll of magic mapping
 u - a scroll of fear {unknown}
 y - a scroll of blinking {unknown}
Potions
 b - a potion of might
 g - 3 potions of curing
 k - a potion of resistance {unknown}
 o - a potion of lignification {unknown}
 p - a potion of cancellation
 s - a potion of berserk rage {unknown}
 v - a potion of brilliance {unknown}
 w - a potion of magic {unknown}
 z - a potion of flight {unknown}
Comestibles
 c - 6 rations
 A - 6 chunks of flesh


   Skills:
 + Level 3.0 Fighting
 + Level 3.0 Dodging
 - Level 3.0 Shields
 + Level 9.6 Unarmed Combat


You had 7 spell levels left.
You didn't know any spells.
Your spell library was empty.

Dungeon Overview and Level Annotations

Branches:
Dungeon (5/15)             Temple (1/1) D:4

Altars:
Ashenzari
Cheibriados
Dithmenos
Elyvilon
Fedhas
Gozag
Hepliaklqana
Kikubaaqudgha
Nemelex Xobeh
Okawaru
Qazlal
Ru
Sif Muna
Uskayaw
Vehumet
Wu Jian
Xom
Zin
The Shining One

Shops:
D:4 }


Innate Abilities, Weirdness & Mutations

You cannot wear most types of armour.
You are very stealthy in the water. (Stealth+)
You are amphibious.
You can wear up to eight rings at the same time.
You can use your tentacles to constrict eight enemies at once.
Your skin changes colour to match your surroundings (Stealth+).
Your rubbery body absorbs attacks. (AC +1, EV +1)


Message History

Press: ? - help, Shift-Dir - straight line, f/p - ogre
Aim: an ogre, wielding a +0 giant club (lightly wounded, poisoned)
You throw a poisoned dart. The poisoned dart hits the ogre.
The ogre is lightly wounded.
You closely miss the ogre.
Your tentacle-slap misses the ogre.
Your squeeze misses the ogre.
The ogre is lightly wounded.
The ogre hits you with a +0 giant club!!
An ogre comes into view. It is wielding a +0 giant club.
The ogre shouts!
You bludgeon the ogre! You squeeze the ogre.
The ogre is severely wounded.
You hear a shout!
The ogre hits you with a +0 giant club!!
* * * LOW HITPOINT WARNING * * *
You block the orc's attack.
You closely miss the ogre.
The ogre is severely wounded.
The ogre hits you with a +0 giant club!
You die...

#.....#....#
.....)##....# .
....######..##
....##.#...<.#
...........####
5 ..
...##......##
... .....
#.......# ...
.....###....#..#
...
......o@...##.##
...
5O....O.#######
#.. ......#.# #
. ....(#### .#
#..(. .# #... .#
##. ##


You could see 2 ogres, a shadow imp and an orc.

Vanquished Creatures
  Duvessa (D:5)
  An ogre (D:4)
  A phantom (D:5)
  2 centaurs (D:5)
  Dowan (D:5)
  3 hounds
  A quasit (D:5)
  A jelly (D:3)
  A bullfrog skeleton (D:5)
  3 orc priests
  2 orc wizards
  Ijyb (D:5)
  2 worker ants
  3 gnolls (D:2)
  5 adders
  3 worms
  2 leopard geckos (D:3)
  14 orcs
  7 giant cockroaches
  11 goblins
  2 hobgoblins
  4 jackals (D:5)
  A quokka (D:2)
  A ball python (D:3)
  9 bats
  4 frilled lizards
  A jackal skeleton (D:2)
  4 kobolds
  10 rats
101 creatures vanquished.

Notes
Turn   | Place    | Note
-------+----------+-------------------------------------------
     0 | D:1      | Delarado the Octopode Fighter began the quest for the Orb.
     0 | D:1      | Reached XP level 1. HP: 16/16 MP: 1/1
   135 | D:1      | Reached XP level 2. HP: 21/21 MP: 2/2
   539 | D:1      | Reached skill level 3 in Unarmed Combat
  1111 | D:2      | Reached XP level 3. HP: 26/26 MP: 3/3
  1205 | D:2      | Found a glowing golden altar of the Shining One.
  1206 | D:2      | Found a hazy altar of Hepliaklqana.
  1210 | D:2      | Found a hide-covered altar of Uskayaw.
  1691 | D:2      | Reached skill level 4 in Unarmed Combat
  1767 | D:2      | Found a shimmering altar of Xom.
  1793 | D:2      | Reached XP level 4. HP: 31/31 MP: 4/4
  2841 | D:3      | Found a sacrificial altar of Ru.
  2935 | D:3      | Reached skill level 5 in Unarmed Combat
  2935 | D:3      | Reached XP level 5. HP: 12/36 MP: 5/5
  3204 | D:3      | Found an opulent altar of Gozag.
  3638 | D:3      | Reached skill level 6 in Unarmed Combat
  3638 | D:3      | Reached XP level 6. HP: 16/42 MP: 6/6
  3841 | D:4      | Found a staircase to the Ecumenical Temple.
  3850 | Temple   | Entered the Ecumenical Temple
  4512 | D:4      | Reached skill level 7 in Unarmed Combat
  4862 | D:4      | Reached XP level 7. HP: 45/46 MP: 7/7
  5138 | D:4      | Found Eskurpha's Gadget Shoppe.
  5502 | D:5      | Entered Level 5 of the Dungeon
  5548 | D:5      | Noticed Duvessa
  5550 | D:5      | Noticed Dowan
  5558 | D:5      | Killed Duvessa
  5558 | D:5      | Reached skill level 8 in Unarmed Combat
  5564 | D:5      | Killed Dowan
  5849 | D:5      | Noticed Ijyb
  5857 | D:5      | Killed Ijyb
  5889 | D:5      | Reached skill level 9 in Unarmed Combat
  5889 | D:5      | Reached XP level 8. HP: 47/52 MP: 8/8
  6166 | D:5      | Mangled by an ogre

Illustrated notes

Levels and vault maps discovered:
D:1:      psy_arrival_radial01, layout_basic
D:2:      layout_loops_corners, xom_butterflies, minitemple
D:3:      layout_rooms, overflow_temple_1_default, lemuel_crystal_altar
D:4:      layout_layer_cave, minmay_temple_entry_waves, serial_shops,
          nicolae_shop_behind_doors
D:5:      layout_cave_pools, first_ration, uniq_duvessa, uniq_ijyb
Temple:   nicolae_temple_figure_eight

Skill      XL: |  1  2  3  4  5  6  7 |
---------------+----------------------+-----
Unarmed Combat | 3 4 5 6 7 9 |  9.6
Fighting       | |  3.0
Dodging        | |  3.0
Shields        | |  3.0

Action                   |  1- 3 |  4- 6 |  7- 9 || total
-------------------------+-------+-------+-------++-------
Melee: Unarmed           |    56 |    74 |    50 ||   180
       Tentacles         |     8 |    20 |    10 ||    38
       Constrict         |    17 |    21 |    10 ||    48
       Punch             |       |     2 |       ||     2
Throw: Stone             |     5 |       |       ||     5
       Dart              |    40 |    79 |    31 ||   150
Evoke: Wand              |       |       |     4 ||     4
  Use: Scroll            |       |     3 |     1 ||     4
 Stab: Sleeping          |     8 |     1 |       ||     9
  Eat: Chunk             |     3 |     9 |     4 ||    16
Armor: Skin              |     3 |     3 |     2 ||     8
Dodge: Dodged            |    19 |    14 |    12 ||    45
Block: Kite shield       |    21 |    13 |    21 ||    55

Table legend:
 A = Non-vault XP
 B = Vault XP
 C = Vault XP percentage of total XP
 D = Non-vault monster count
 E = Vault monster count
 F = Vault count percentage of total count
                 A         B        C        D         E       F
            +---------+---------+-------+---------+---------+-------
      Total |    1238 |     262 |  17.5 |      98 |       3 |   3.0
            +---------+---------+-------+---------+---------+-------
        D:1 |      32 |       0 |   0.0 |      20 |       0 |   0.0
        D:2 |      96 |       0 |   0.0 |      26 |       0 |   0.0
        D:3 |     189 |       0 |   0.0 |      22 |       0 |   0.0
        D:4 |     349 |       0 |   0.0 |      14 |       0 |   0.0
        D:5 |     572 |     262 |  31.4 |      16 |       3 |  15.8
            +---------+---------+-------+---------+---------+-------
